 Dungeon Crawl Stone Soup version 0.30.0-17-ge0270778cf (webtiles) character file.

Game seed: 8033036755313562829

200 monsoonserge the Ruffian (level 5, -12/53 HPs)
             Began as a Troll Fighter on May 22, 2023.
             Mangled by an ogre
             ... wielding a +0 giant spiked club
              (32 damage)
             ... on level 4 of the Dungeon.
             The game lasted 00:07:38 (2607 turns).

monsoonserge the Ruffian (Troll Fighter)            Turns: 2607, Time: 00:07:38

Health: -12/53     AC:  6    Str: 26    XL:     5   Next: 49%
Magic:  4/4        EV:  9    Int:  4    God:
Gold:   174        SH:  7    Dex:  9    Spells: 4/4 levels left

rFire   . .          .
                       - Unarmed
rCold   . . .        b - +0 kite shield
rNeg    . . .        a - +0 robe
rPois   .            (helmet restricted)
rElec   .            q - +1 cloak
rCorr   .            (gloves unavailable)
SInv    .            (boots unavailable)
Will    .....        (no amulet)
Stlth   +            (no ring)
HPRegen 1.08/turn    (no ring)
MPRegen 0.09/turn

%: no passive effects
@: mighty
A: large, unfitting armour, claws 3, regeneration 1, shaggy fur 1, tough skin 1
a: no special abilities


You were on level 4 of the Dungeon.
You visited 1 branch of the dungeon, and saw 5 of its levels.

You collected 174 gold pieces.

Inventory:

Missiles
 i - 39 stones (quivered)
Armour
 a - a +0 robe (worn)
 b - a +0 kite shield (worn)
 q - a +1 cloak (worn)
Wands
 p - a wand of light (8)
Scrolls
 d - a scroll of poison {unknown}
 e - 3 scrolls of teleportation {unknown}
 f - 7 scrolls of identify {unknown}
 l - a scroll of enchant armour {unknown}
 m - a scroll of amnesia {unknown}
 o - a scroll of magic mapping {unknown}
Potions
 c - a potion of might
 g - 3 potions of degeneration {unknown}
 h - a potion of berserk rage {unknown}
 j - 2 potions of curing {unknown}
 k - a potion of haste {unknown}
 n - a potion of mutation {unknown}
 r - 2 potions of lignification {unknown}
 s - a potion of heal wounds {unknown}


   Skills:
 + Level 3.0 Fighting
 + Level 3.3 Dodging
 + Level 3.2 Shields
 + Level 3.6 Unarmed Combat
 - Level 1.0 Evocations


You had 4 spell levels left.
You didn't know any spells.
Your spell library contained the following spells:

 Spells                   Type           Power      Damage    Failure   Level
 Apportation              Tloc           0%         N/A       75%         1
 Beastly Appendage        Tmut           0%         N/A       75%         1
 Necrotise                Necr           0%         1d4       75%         1
 Summon Small Mammal      Summ           0%         N/A       75%         1
 Cigotuvi's Dreadful Rot  Necr/Pois/Air  0%         N/A       87%         2
 Passwall                 Tmut/Erth      0%         N/A       87%         2
 Wereblood                Tmut           0%         N/A       87%         2
 Spider Form              Tmut/Pois      0%         N/A       98%         3
 Dispel Undead            Necr           0%         3d6       100%        4
 Summon Ice Beast         Ice/Summ       0%         N/A       100%        4
 Metabolic Englaciation   Hex/Ice        0%         N/A       100%        5
 Death Channel            Necr           0%         N/A       100%        6
 Polar Vortex             Ice            0%         N/A       100%        9


Dungeon Overview and Level Annotations

Branches:
Dungeon (5/15)
 Temple: D:4-7

Altars:
Ashenzari
Fedhas


Innate Abilities, Weirdness & Mutations

You are too large for most types of armour.
You have claws for hands.
Your natural rate of healing is unusually fast.
You are covered in fur. (AC +1)
You have tough skin. (AC +1)


Message History

You climb downwards.
You hear the hiss of flowing sand.
There is an entrance to an ossuary on this level.
Hurry and find it before the portal is buried!
Found 3 stones.
There is a stone staircase leading up here.
You closely miss the orc. You block the orc's attack.
You claw the orc!
You kill the orc!
Things that are here:
a +0 club; an orc corpse 3 gnolls come into view.
The gnoll shouts! x2; You hear a shout!
An orc priest comes into view. It is wielding a +0 hand axe.
The orc priest shouts!
A gnoll comes into view. It is wielding a +0 halberd.
Things that are here:
a +0 club; an orc corpse
There is a stone staircase leading up here.
The orc priest mumbles some strange prayers to Beogh against you.
Beogh smites you!
You hear a shout!
You climb upwards.
You hear the sound of rushing water.
There is an entrance to a sewer on this level.
Hurry and find it before the portal rusts away!
The ogre closely misses you.
There is a stone staircase leading down here.
You feel very mighty all of a sudden.
The ogre hits you with a +0 giant spiked club.
You barely miss the ogre. You mangle the ogre!!
The ogre is severely wounded.
The ogre hits you with a +0 giant spiked club!!
Ouch! That really hurt!
The orc hits you but does no damage. The orc closely misses you.
The jelly closely misses you.
You completely miss the ogre.
The ogre is severely wounded.
The ogre hits you with a +0 giant spiked club!!
Ouch! That really hurt!
You die...

### #
######)##.#.##
#..[O.J.......
#.##.@o##.....
#.###### ..#
#.# # #.# #.#
#<######.#
#........>
#.######..
#.####


You could see an ogre, a jelly and an orc.

Vanquished Creatures
  2 hounds
  A jelly (D:3)
  5 adders
  An ufetubus (D:4)
  A dart slug (D:2)
  5 orcs
  5 bats
  7 endoplasms
  A giant cockroach (D:1)
  3 goblins
  4 hobgoblins
  4 jackals (D:2)
  5 ball pythons
  6 kobolds
  7 rats
57 creatures vanquished.

Notes
Turn   | Place    | Note
-------+----------+-------------------------------------------
     0 | D:1      | monsoonserge the Troll Fighter began the quest for the Orb.
     0 | D:1      | Reached XP level 1. HP: 22/22 MP: 0/0
   238 | D:1      | Reached XP level 2. HP: 29/29 MP: 1/1
   711 | D:1      | Found a faded altar of an unknown god.
   983 | D:2      | Reached XP level 3. HP: 34/36 MP: 2/2
  1124 | D:2      | Got the Cyclopedia of Variable Cold
  1656 | D:3      | Found a broken altar of Ashenzari.
  1707 | D:3      | Reached XP level 4. HP: 44/44 MP: 3/3
  2211 | D:3      | Found a blossoming altar of Fedhas.
  2389 | D:4      | Reached XP level 5. HP: 53/53 MP: 4/4
  2408 | D:4      | Noticed an ogre
  2580 | D:4      | Reached skill level 1 in Evocations
  2591 | D:5      | Entered Level 5 of the Dungeon
  2607 | D:4      | Mangled by an ogre

Illustrated notes

Levels and vault maps discovered:
D:1:      dpeg_arrival_simpleton_b, layout_basic,
          dilly_ecumenical_altar_fadedgnrine, chequers_serial_rivers_small_3,
          dreamdust_mushroom_princess, serial_park_tiny_pond,
          minmay_misc_feat_alley
D:2:      layout_loops_cross
D:3:      layout_loops_cross, mainiacjoe_overflow_catwalk,
          fedhas_ov_isle_minmay, nicolae_elevator_lobby_plus
D:4:      layout_loops_ring, lightli_temple_of_fire, tso_metal_star,
          portal_sewer_entry_d
D:5:      layout_layer_cave, kennysheep_mini_moat, lemuel_round_altar,
          nicolae_ossuary_entry_giza

Skill      XL: |  1  2  3  4  5 |
---------------+----------------+-----
Shields        | 3 |  3.2
Dodging        | 3 |  3.3
Unarmed Combat | 3 |  3.6
Fighting       | 3 |  3.0
Evocations     | 1 |  1.0

Action                     |  1- 3 |  4- 6 || total
---------------------------+-------+-------++-------
  Melee: Unarmed           |   110 |    67 ||   177
    Use: Potion            |       |     1 ||     1
   Stab: Sleeping          |     1 |     1 ||     2
 Armour: Robe              |    40 |    25 ||    65
  Dodge: Dodged            |    34 |    31 ||    65
  Block: Kite shield       |    37 |    18 ||    55
